 Dungeon Crawl Stone Soup version 0.20-a0-433-g9e36e56 (webtiles) character file.

97 Kriby the Skirmisher (level 4, -9/38 HPs)
             Began as a Mummy Fighter on Jan 4, 2017.
             Killed from afar by Natasha (13 damage)
             ... with a wand of flame (?/48)
             ... on level 2 of the Dungeon.
             The game lasted 00:01:25 (1950 turns).

Kriby the Skirmisher (Mummy Fighter)                Turns: 1950, Time: 00:01:25

Health: -9/38      AC:  6    Str: 19    XL:     4   Next: 42%
Magic:  4/4        EV:  7    Int:  7    God:
Gold:   71         SH:  8    Dex: 12    Spells: 3/3 levels left

rFire  x . .     SeeInvis .     a - +0 war axe
rCold  + . .     Gourm    .     b - +0 scale mail
rNeg   + + +     Faith    .     c - +0 shield
rPois  ∞         Spirit   .     (no helmet)
rElec  .         Reflect  .     (no cloak)
rCorr  .         Harm     .     (no gloves)
MR     .....                    (no boots)
Stlth  ..........               (no amulet)
                                (no ring)
                                (no ring)

@: slowed, very slow
A: no food or potions, fire vulnerability, cold resistance 1, negative energy
resistance 3, torment resistance, unbreathing
a: no special abilities


You were on level 2 of the Dungeon.
You were not hungry.

You visited 1 branch of the dungeon, and saw 2 of its levels.

You collected 71 gold pieces.

Inventory:

Hand Weapons
 a - a +0 war axe (weapon)
Missiles
 i - 4 tomahawks (quivered)
Armour
 b - a +0 scale mail (worn)
 c - a +0 shield (worn)
Jewellery
 g - a cursed ring of teleportation {unknown}
Scrolls
 d - a scroll of amnesia {unknown}
 e - a scroll of random uselessness {unknown}
 f - a scroll of fear {unknown}
 h - 3 scrolls of identify {unknown}
 j - a scroll of magic mapping {unknown}


   Skills:
 * Level 4.8 Fighting
 + Level 2.3 Axes
 - Level 2.4 Armour
 - Level 2.4 Shields


You had 3 spell levels left.
You didn't know any spells.

Dungeon Overview and Level Annotations

Branches:
Dungeon (2/15)

Altars:
The Shining One

Annotations:
D:2 Natasha


Innate Abilities, Weirdness & Mutations

You do not eat or drink.
Your flesh is vulnerable to fire.
You are immune to poison.
Your flesh is cold resistant. (rC+)
You are immune to negative energy. (rN+++)
You are immune to unholy pain and torment.
You can survive without breathing.


Message History

You miss Natasha.
Natasha is lightly wounded.
You hit the rat.
You kill the rat!
You hit the white imp.
You kill the white imp!
Natasha completely misses you.
The iron imp shouts, "Leave, thou peeagling crook-pated dustbag!"
Natasha barely misses you.
You hit Natasha.
Natasha is lightly wounded.
Natasha zaps a wand.
You block the puff of flame. Natasha claws you but does no damage.
The iron imp shouts, "Crawl home, thou canting elf-skinned tinder!"
You slash Natasha!
Natasha is severely wounded.
The iron imp disappears in a puff of smoke!
You block Natasha's attack. Natasha closely misses you.
Natasha zaps a wand.
The puff of flame hits you! The fire burns you terribly!
You die...

...<......#.#........############
...########.#....................
...'..†.....#....................
...##########....................
#### #.......(############
#.>.......# #.........#
#.^†.....(### #..†@..!....#
#'##h###....# .. §g# #....# ..
...# ##'### ....# #.# .....####.#
......#....# ###'##.#.####
#.##############


You could see Natasha and a hobgoblin.

Vanquished Creatures
  3 adders
  An ooze (D:1)
  A worm (D:2)
  2 dart slugs (D:1)
  2 leopard geckos (D:1)
  6 bats
  4 giant cockroaches (D:1)
  A goblin (D:2)
  7 hobgoblins
  6 jackals (D:2)
  A quokka (D:2)
  2 ball pythons (D:1)
  4 frilled lizards
  9 kobolds
  6 rats
55 creatures vanquished.

Notes
Turn   | Place    | Note
-------+----------+-------------------------------------------
     0 | D:1      | Kriby the Mummy Fighter began the quest for the Orb.
     0 | D:1      | Reached XP level 1. HP: 18/18 MP: 1/1
   118 | D:1      | Found a glowing golden altar of the Shining One.
   140 | D:1      | Reached XP level 2. HP: 5/24 MP: 2/2
   728 | D:1      | Reached skill level 4 in Fighting
   817 | D:1      | Reached XP level 3. HP: 30/30 MP: 3/3
  1533 | D:2      | Reached XP level 4. HP: 37/38 MP: 4/4
  1929 | D:2      | Noticed Natasha
  1950 | D:2      | Killed from afar by Natasha

Vault maps used:
D:1:      tarquinn_simple_flora_water_c, tso_metal_star
D:2:      uniq_natasha

Skill      XL: |  1  2  3 |
---------------+----------+-----
Fighting       | 4 |  4.8
Axes           | 2 |  2.3
Armour         | |  2.4
Shields        | |  2.4

Action                   |  1- 3 |  4- 6 || total
-------------------------+-------+-------++-------
Melee: War axe           |   113 |    83 ||   196
Armor: Scale mail        |    60 |    35 ||    95
Dodge: Dodged            |    47 |    35 ||    82
Block: Shield            |    57 |    43 ||   100
